 Dungeon Crawl Stone Soup version 0.21-a0-518-g43a1781 (webtiles) character file.

128 Laiders the Shield-Bearer (level 5, -3/41 HPs)
             Began as a Formicid Fighter on Dec 5, 2017.
             Splashed by a jelly's acid (4 damage)
             ... on level 2 of the Dungeon.
             The game lasted 00:03:46 (1322 turns).

Laiders the Shield-Bearer (Formicid Fighter)        Turns: 1322, Time: 00:03:47

Health: -3/41      AC:  5    Str: 21    XL:     5   Next: 34%
Magic:  14/14      EV:  8    Int:  8    God:
Gold:   85         SH: 10    Dex: 10    Spells: 4/4 levels left

rFire    . . .     SeeInvis +   a - +0 flail
rCold    . . .     Gourm    .   c - +0 shield
rNeg     . . .     Faith    .   b - +0 scale mail
rPois    .         Spirit   .   (helmet unavailable)
rElec    .         Reflect  .   (no cloak)
rCorr    .         Harm     .   o - +0 pair of gloves
MR       .....                  e - +0 pair of boots
Stlth    ..........             (no amulet)
HPRegen  0.13/turn              l - ring of magical power
MPRegen  0.14/turn              (no ring)

@: corroded
A: permanent stasis, dig shafts and tunnels, four strong arms, antennae 3
a: Dig, Shaft Self


You were on level 2 of the Dungeon.
You were hungry.

You visited 1 branch of the dungeon, and saw 2 of its levels.

You collected 85 gold pieces.

Inventory:

Hand Weapons
 a - a +0 flail (weapon)
Armour
 b - a +0 scale mail (worn)
 c - a +0 shield (worn)
 e - a +0 pair of boots (worn)
 o - a +0 pair of gloves (worn)
Jewellery
 l - a ring of magical power (left hand)
Wands
 t - a wand of flame (34)
Scrolls
 i - a scroll of teleportation {unknown}
 k - 2 scrolls of remove curse {unknown}
 n - 3 scrolls of identify {unknown}
 q - a scroll of enchant weapon {unknown}
 u - a scroll of magic mapping {unknown}
Potions
 d - a potion of might
 g - a potion of flight {unknown}
 h - 2 potions of berserk rage {unknown}
 m - 2 potions of haste {unknown}
 p - 2 potions of brilliance {unknown}
 r - a potion of degeneration {unknown}
 v - a potion of curing {unknown}
Comestibles
 f - 5 bread rations
 j - 5 chunks of flesh
 s - a royal jelly


   Skills:
 - Level 3.2 Fighting
 + Level 3.8 Maces & Flails
 - Level 3.2 Armour
 + Level 5.4 Shields


You had 4 spell levels left.
You didn't know any spells.

Dungeon Overview and Level Annotations

Branches:
Dungeon (2/15)

Altars:


Innate Abilities, Weirdness & Mutations

You cannot be hasted, slowed, berserked, paralysed or teleported.
You can dig through walls and to a lower floor.
Your four strong arms can wield two-handed weapons with a shield.
You have a pair of large antennae on your head. (SInv)


Message History

You sock the ooze!
You kill the ooze!
You thump the jelly!
Your hands burn!
The jelly is heavily wounded.
The jelly hits you. The acid corrodes you!
You are splashed with acid!
The acid burns!
You hit the jelly but do no damage.
Your hands burn!
* * * LOW HITPOINT WARNING * * *
The jelly is heavily wounded.
You block the jelly's attack.
You hit the jelly.
Your hands burn!
* * * LOW HITPOINT WARNING * * *
The jelly is almost dead.
The jelly hits you.
* * * LOW HITPOINT WARNING * * *
You are splashed with acid!
The acid burns!
* * * LOW HITPOINT WARNING * * *
The jelly barely misses you.
You hit the jelly.
Your hands burn!
You die...

.
##.#####...).#########
#..#.. #. #.......#
#..... #. #.....(.#
##...# #. #)......#
#..## #.......# #....
####..(.# ##[##
##..'....#
##########.##
#(########
#...##)......
##...).@##
###.##.###.##
#######J# #.#.##.###.#
JJ...J{JJ##........#.#
÷J...P...##.###......#
.P...{.P.#### #..#.#.#
.J.JJP.÷÷# #......#
.........# #...##.#
?P÷....P.# #÷.....#
########## ###.####


You could see 2 jellies and an ooze.

Vanquished Creatures
  A jelly (D:2)
  An adder (D:2)
  7 oozes
  2 worms (D:2)
  A dart slug (D:2)
  3 leopard geckos
  4 bats
  A giant cockroach (D:2)
  3 goblins
  A hobgoblin (D:1)
  5 jackals
  14 kobolds
  4 frilled lizards
  9 rats
56 creatures vanquished.

Vanquished Creatures (others)
  A fungus (D:2)
  7 toadstools (D:2)
8 creatures vanquished.

Grand Total: 64 creatures vanquished

Notes
Turn   | Place    | Note
-------+----------+-------------------------------------------
     0 | D:1      | Laiders the Formicid Fighter began the quest for the Orb.
     0 | D:1      | Reached XP level 1. HP: 18/18 MP: 1/1
    80 | D:1      | Reached XP level 2. HP: 18/24 MP: 2/2
    84 | D:1      | Reached skill level 4 in Shields
   662 | D:1      | Reached XP level 3. HP: 28/29 MP: 3/3
   955 | D:2      | Reached XP level 4. HP: 33/35 MP: 4/4
  1298 | D:2      | Reached skill level 5 in Shields
  1317 | D:2      | Reached XP level 5. HP: 26/41 MP: 5/5
  1321 | D:2      | HP: 1/41 [acid (6)]
  1322 | D:2      | Splashed by a jelly's acid

Vault maps used:
D:1:      tarquinn_simple_flora_water_e
D:2:      cheibrodos_fertilizer, first_bread

Skill      XL: |  1  2  3  4 |
---------------+-------------+-----
Shields        | 4 5 |  5.4
Maces & Flails | 3 |  3.8
Fighting       | |  3.2
Armour         | |  3.2

Action                   |  1- 3 |  4- 6 || total
-------------------------+-------+-------++-------
Melee: Flail             |    84 |    97 ||   181
  Eat: Chunk             |       |     1 ||     1
Armor: Scale mail        |    36 |    67 ||   103
Dodge: Dodged            |    33 |    49 ||    82
Block: Shield            |    62 |    75 ||   137

Table legend:
 A = Spawn XP
 B = Non-spawn XP
 C = Spawn XP percentage of total XP
 D = Spawn monster count
 E = Non-spawn monster count
 F = Spawn count percentage of total count
 G = Total turns spent on level
                    A         B        C        D         E        F      G
               +---------+---------+-------+---------+---------+-------+---------
         Total |       0 |     184 |   0.0 |       0 |      56 |   0.0 |  1322
               +---------+---------+-------+---------+---------+-------+---------
           D:1 |       0 |      34 |   0.0 |       0 |      18 |   0.0 |   799
           D:2 |       0 |     150 |   0.0 |       0 |      38 |   0.0 |   523
               +---------+---------+-------+---------+---------+-------+---------
